 Dungeon Crawl Stone Soup version 0.18.1-1-g2f07953 (webtiles) character file.

84 HungrySpirit the Cudgeler (level 4, -1/61 HPs)
             Began as an Ogre Arcane Marksman on May 6, 2016.
             Slain by a giant frog skeleton (2 damage)
             ... on level 4 of the Dungeon.
             The game lasted 00:04:15 (2549 turns).

HungrySpirit the Cudgeler (Ogre Arcane Marksman)    Turns: 2549, Time: 00:04:16

Health: -1/61      AC:  3    Str: 23 (26) XL:     4   Next: 46%
Magic:  7/7        EV:  9    Int: 15 (17) God:
Gold:   101        SH:  0    Dex:  8 (9)  Spells: 1 memorised, 6 levels left

rFire  . . .     SeeInvis .     o - +0 flail
rCold  . . .     Gourm    .     a - +0 robe
rNeg   + . .     Faith    .     (no shield)
rPois  .         Spirit   .     (helmet restricted)
rElec  .         Dismiss  .     (no cloak)
rCorr  .         Reflect  .     (gloves unavailable)
SustAt .         Harm     .     (boots unavailable)
MR     .....                    (no amulet)
Stlth  ..........               q - ring of positive energy
                                m - +4 ring of strength

@: brilliant, berserking, very quick, not resistant to hostile enchantments,
extremely unstealthy
A: unfitting armour, tough skin 1
a: no special abilities


You were on level 4 of the Dungeon.
You were hungry.

You visited 1 branch of the dungeon, and saw 3 of its levels.

You collected 101 gold pieces.

Inventory:

Hand Weapons
 o - a +0 flail (weapon)
Missiles
 c - 3 large rocks (quivered)
 d - 2 throwing nets
Armour
 a - a +0 robe (worn)
Jewellery
 j - an uncursed amulet of dismissal
 m - a +4 ring of strength (left hand)
 q - a ring of positive energy (right hand)
Scrolls
 e - a scroll of random uselessness {unknown}
 k - a scroll of amnesia {unknown}
 r - a scroll of enchant weapon {unknown}
 s - 2 scrolls of identify {unknown}
 u - a scroll of enchant armour {unknown}
Potions
 g - a potion of degeneration
 h - a potion of curing {unknown}
 t - a potion of brilliance
Books
 b - a book of Debilitation

   Spells                             Type                      Level
   a - Corona                         Hexes                        1
   b - Slow                           Hexes                        2
   c - Gell's Gravitas                Hexes/Translocation          3
   d - Inner Flame                    Hexes/Fire                   3
   e - Cause Fear                     Hexes                        4
   f - Leda's Liquefaction            Hexes/Earth                  4
Comestibles
 f - a bread ration
 n - a meat ration
 p - 3 chunks of flesh


   Skills:
 - Level 1.5 Fighting
 * Level 3.5 Maces & Flails
 - Level 2.0 Throwing
 - Level 1.7 Dodging
 + Level 2.4 Spellcasting
 + Level 2.6 Hexes


You had 6 spell levels left.
You knew the following spells:

 Your Spells              Type           Power        Failure   Level  Hunger
a - Corona                Hex            ###....      1%          1    #......


Dungeon Overview and Level Annotations

Branches:
Dungeon (2/15)

Altars:
Pakellas

Shops:
D:4 ((


Innate Abilities, Weirdness & Mutations

You are too large for most types of armour.
You have tough skin (AC +1).


Message History

The giant frog skeleton hits you.
* * * LOW HITPOINT WARNING * * *
The orc wizard casts a spell.
The orc wizard blinks!
Drink which item? (? for menu, Esc to quit)
It was a potion of brilliance.
You feel clever all of a sudden. The giant frog skeleton hits you.
* * * LOW HITPOINT WARNING * * *
The orc barely misses you.
The giant frog skeleton closely misses you.
Drink which item? (? for menu, Esc to quit)
It was a potion of berserk rage.
A red film seems to cover your vision as you go berserk!
You feel yourself moving faster!
You feel mighty!
The orc wizard casts a spell.
The orc wizard flickers and vanishes!
Deactivating autopickup; reactivate with Ctrl-A.
The giant frog skeleton hits you.
You die...

#Z######.####Z###.#
#. ## #o# #.#
#.###.###.###.# #.#
#Z# #.##...###.#.#
#.# #.#
#.......Z....# #.#
#.# ####...####.##
#.# #.########.## #.#
.##.######..........#
#∩#
..............o.o####
#o#
###.############@#
#.# #.# #Z# #Z# #.#
#Z# #.# #.# #Z# #.#
#.# #{########.# #.#
#...Z.o....# #.
############


You could see an orc wizard, an orc, 2 giant frog skeletons and a howler monkey
skeleton.

Vanquished Creatures
  A gnoll (D:1)
  2 adders
  A worm (D:2)
  2 giant geckos
  4 ball pythons
  5 bats
  A giant cockroach (D:2)
  8 goblins
  3 hobgoblins
  8 jackals
  2 giant newts
  5 kobolds
  5 rats
47 creatures vanquished.

Notes
Turn   | Place    | Note
--------------------------------------------------------------
     0 | D:1      | HungrySpirit the Ogre Arcane Marksman began the quest for the Orb.
     0 | D:1      | Reached XP level 1. HP: 19/19 MP: 2/2
   144 | D:1      | Reached skill level 1 in Maces & Flails
   403 | D:1      | Reached XP level 2. HP: 26/27 MP: 4/4
   712 | D:1      | Reached skill level 2 in Maces & Flails
   810 | D:1      | Reached XP level 3. HP: 33/33 MP: 6/6
  1714 | D:2      | Reached skill level 3 in Maces & Flails
  1854 | D:2      | Reached XP level 4. HP: 25/41 MP: 7/7
  2191 | D:2      | Found an oddly glowing altar of Pakellas.
  2451 | D:2      | You fall through a shaft for 2 floors!
  2519 | D:4      | Found Uhio's Weapon Shoppe.
  2529 | D:4      | Found Qehyri Ycvo's Weapon Shop.
  2534 | D:4      | HP: 2/41 [giant frog skeleton (3)]
  2548 | D:4      | HP: 1/41 [giant frog skeleton (2)]
  2549 | D:4      | Slain by a giant frog skeleton

Skill      XL: |  1  2  3 |
---------------+----------+-----
Maces & Flails | 1 2 3 |  3.5
Spellcasting   | 2 |  2.4
Fighting       | |  1.5
Throwing       | |  2.0
Dodging        | |  1.7
Hexes          | |  2.6

Action                   |  1- 3 |  4- 6 || total
-------------------------+-------+-------++-------
Melee: Club              |   104 |       ||   104
       Unarmed           |     9 |       ||     9
       Flail             |    24 |    69 ||    93
Throw: Large rock        |     6 |       ||     6
  Use: Potion            |       |     5 ||     5
 Stab: Sleeping          |     1 |       ||     1
  Eat: Chunk             |     3 |     2 ||     5
Armor: Robe              |    50 |    38 ||    88
Dodge: Dodged            |    93 |    67 ||   160
